 Dungeon Crawl Stone Soup version 0.31.0-12-g77e489cdc1 (webtiles) character file.

Game seed: 11952080240146697173

1030 Consumeair16 the Shield-Bearer (level 8, -14/67 HPs)
             Began as a Gnoll Fighter on Feb 27, 2024.
             Was a Believer of Fedhas.
             Killed from afar by a red draconian scorcher (illusionary) (29 damage)
             ... with damnation
             ... on level 1 of the Abyss.
             The game lasted 00:07:27 (3761 turns).

Consumeair16 the Shield-Bearer (Gnoll Fighter)      Turns: 3761, Time: 00:07:28

Health: -14/67     AC: 16    Str: 17    XL:     8   Next: 23%
Magic:  9/12       EV:  6    Int:  7    God:    Fedhas [**....]
Gold:   235        SH:  6    Dex: 13    Spells: 13/13 levels left

rFire   . . .        a - +0 war axe
rCold   . . .        c - +0 buckler
rNeg    . . .        x - +0 plate armour
rPois   .            s - +0 helmet
rElec   .            (no cloak)
rCorr   .            r - +0 pair of gloves
SInv    .            (no boots)
Will    .....        (no amulet) Stlth
                     (no ring)
HPRegen 0.31/turn    (no ring)
MPRegen 0.13/turn

%: no passive effects
@: no status effects
A: fangs 1, strong nose, distributed training
a: Renounce Religion, Wall of Briars


You were on level 1 of the Abyss.
You worshipped Fedhas.
Fedhas was pleased with you.
You visited 1 branch of the dungeon, and saw 5 of its levels.
You visited the Abyss 1 time.

You collected 235 gold pieces.

Inventory:

Hand Weapons
 a - a +0 war axe (weapon)
Armour
 b - a +0 scale mail
 c - a +0 buckler (worn)
 r - a +0 pair of gloves (worn)
 s - a +0 helmet (worn)
 x - a +0 plate armour (worn)
Wands
 t - a wand of polymorph (3)
 w - a wand of charming (6)
Scrolls
 f - 3 scrolls of identify {unknown}
 g - 2 scrolls of amnesia {unknown}
 h - 2 scrolls of enchant weapon {unknown}
 j - a scroll of silence {unknown}
 n - a scroll of fear {unknown}
 o - a scroll of blinking {unknown}
 q - 3 scrolls of poison {unknown}
 u - a scroll of noise {unknown}
 v - a scroll of brand weapon {unknown}
 y - a scroll of immolation {unknown}
Potions
 d - 3 potions of might
 e - 2 potions of mutation {unknown}
 i - a potion of cancellation {unknown}
 k - 2 potions of lignification {unknown}
 l - a potion of enlightenment {unknown}
 m - 2 potions of heal wounds {unknown}
 p - 2 potions of curing {unknown}


   Skills:
 + Level 7.3 Fighting
 + Level 3.2 Short Blades
 + Level 3.2 Long Blades
 + Level 5.6 Axes
 + Level 3.2 Maces & Flails
 + Level 3.2 Polearms
 + Level 3.2 Staves
 + Level 3.2 Ranged Weapons
 + Level 3.2 Throwing
 + Level 7.3 Armour
 + Level 3.2 Dodging
 + Level 3.2 Stealth
 + Level 7.3 Shields
 + Level 3.2 Unarmed Combat
 + Level 3.2 Spellcasting
 + Level 2.6 Conjurations
 + Level 2.6 Hexes
 + Level 2.6 Summonings
 + Level 2.6 Necromancy
 + Level 2.6 Translocations
 + Level 2.6 Fire Magic
 + Level 2.6 Ice Magic
 + Level 2.6 Air Magic
 + Level 2.6 Earth Magic
 + Level 2.6 Alchemy
 + Level 3.5 Invocations
 + Level 3.2 Evocations
 + Level 2.9 Shapeshifting


You had 13 spell levels left.
You didn't know any spells.
Your spell library contained the following spells:

 Spells                   Type           Power      Damage    Failure   Level
 Sandblast                Erth           8%         2d5       99%         1
 Dazzling Flash           Conj/Hex       8%         N/A       100%        3
 Mephitic Cloud           Conj/Alch/Air  4%         N/A       100%        3
 Passwall                 Erth           4%         N/A       100%        3
 Stone Arrow              Conj/Erth      8%         3d7       100%        3
 Brom's Barrelling Bould  Conj/Erth      4%         2d3       100%        4
 Curse of Agony           Necr           4%         N/A       100%        5
 Silence                  Hex/Air        2%         N/A       100%        5


Dungeon Overview and Level Annotations

Branches:
Dungeon (5/15)             Temple (0/1) D:4

Altars:
Fedhas
Ru
Uskayaw


Innate Abilities, Weirdness & Mutations

You have very sharp teeth.
Your uncanny sense of smell can sniff out nearby items.
Your experience applies equally to all skills.


Message History

Something hits your briar patch.
Space warps horribly around your briar patch!!
Your briar patch is destroyed!
Your briar patch disappears in a puff of smoke!
You hear some strange, mumbled words.
You are confused.
You bump into the rock wall.
You hear some strange, mumbled words.
Something tries to affect you, but you resist.
Something hits you but does no damage. Space warps around you.
* * * LOW HITPOINT WARNING * * *
Something hits you.
* * * LOW HITPOINT WARNING * * *
You are cast into the Abyss!
This branch contains the abyssal rune of Zot.
Reactivating autopickup.
Unknown command.
You feel less confused.
A rakshasa comes into view. It is wielding a +0 trident.
The rakshasa weaves an illusion.
The rakshasa gestures at you. The lance of force misses you.
Aiming: Polymorph
Press: ? - help, Q - select action, (/) - cycle Shift-Dir - straight line
Okay, then.
Aiming: Charm
Press: ? - help, Q - select action, (/) - cycle Shift-Dir - straight line, f - rakshasa
Aim: a rakshasa, wielding a +0 trident and wearing a +0 robe (chance to affect: 0%)
Okay, then.
Aiming: Grow Ballistomycete (34% risk of failure)
Press: ? - help, Dir - move target
Okay, then.
A briar patch grows up from the ground. x4
You can no longer grow a ballistomycete.
The rakshasa blinks!
You walk carefully through the plants.
Found a corrupted altar of Lugonu.
The red draconian scorcher gestures at you while chanting.
The sphere of damnation explodes!
The damnation engulfs you!!
You die...
Fedhas appreciates your contribution to the ecosystem.

# # ##.# .###.
. .##
.....###....
........#.##...
..........._...
......P@#
......P.#
..#...P##
......R #.#...q
. #.... #....
.#..# ##.#.


You could see a red draconian scorcher and a rakshasa (ally target).

Vanquished Creatures
  Sigmund (D:3)
  An ogre (D:5)
  A black bear (D:4)
  2 scorpions
  A bombardier beetle (D:5)
  2 hounds (D:5)
  Jessica (D:2)
  4 orc wizards (D:5)
  Robin (D:2)
  4 gnolls (D:2)
  4 adders
  A ribbon worm (D:3)
  10 orcs
  2 ball pythons
  6 bats
  7 endoplasms
  3 giant cockroaches
  21 goblins
  7 hobgoblins
  7 jackals
  5 kobolds
  3 quokkas
  A frilled lizard (D:2)
  4 rats (D:1)
99 creatures vanquished.

Vanquished Creatures (collateral kills)
  2 ogres
  An adder (D:3)
  3 orcs (D:5)
  6 ball pythons (D:3)
12 creatures vanquished.

Grand Total: 111 creatures vanquished

Notes
Turn   | Place    | Note
-------+----------+-------------------------------------------
     0 | D:1      | Consumeair16 the Gnoll Fighter began the quest for the Orb.
     0 | D:1      | Reached XP level 1. HP: 23/23 MP: 1/1
   155 | D:1      | Reached XP level 2. HP: 29/29 MP: 2/2
   678 | D:2      | Reached XP level 3. HP: 35/35 MP: 3/3
   694 | D:2      | Reached skill level 1 in Invocations
   703 | D:2      | Reached skill level 1 in Short Blades
   703 | D:2      | Reached skill level 1 in Long Blades
   703 | D:2      | Reached skill level 1 in Maces & Flails
   703 | D:2      | Reached skill level 1 in Polearms
   703 | D:2      | Reached skill level 1 in Staves
   703 | D:2      | Reached skill level 1 in Ranged Weapons
   703 | D:2      | Reached skill level 1 in Throwing
   703 | D:2      | Reached skill level 1 in Dodging
   703 | D:2      | Reached skill level 1 in Stealth
   703 | D:2      | Reached skill level 1 in Unarmed Combat
   703 | D:2      | Reached skill level 1 in Spellcasting
   703 | D:2      | Reached skill level 1 in Evocations
   825 | D:2      | Found a faded altar of an unknown god.
   837 | D:2      | Reached skill level 1 in Shapeshifting
   837 | D:2      | Reached XP level 4. HP: 41/41 MP: 5/5
   840 | D:2      | Prayed at the altar of an unknown god.
   840 | D:2      | Became a worshipper of Fedhas Madash
   840 | D:2      | Reached * piety under Fedhas
   883 | D:2      | Noticed Jessica
   888 | D:2      | Killed Jessica
   889 | D:2      | Reached skill level 1 in Conjurations
   889 | D:2      | Reached skill level 1 in Hexes
   889 | D:2      | Reached skill level 1 in Summonings
   889 | D:2      | Reached skill level 1 in Necromancy
   889 | D:2      | Reached skill level 1 in Translocations
   889 | D:2      | Reached skill level 1 in Fire Magic
   889 | D:2      | Reached skill level 1 in Ice Magic
   889 | D:2      | Reached skill level 1 in Air Magic
   889 | D:2      | Reached skill level 1 in Earth Magic
   889 | D:2      | Reached skill level 1 in Alchemy
  1458 | D:3      | Noticed Robin
  1462 | D:2      | Killed Robin
  1468 | D:2      | Reached XP level 5. HP: 47/47 MP: 5/7
  1536 | D:3      | Reached ** piety under Fedhas
  1815 | D:3      | Noticed Sigmund
  1822 | D:3      | Killed Sigmund
  1823 | D:3      | Reached skill level 5 in Axes
  1823 | D:3      | Reached XP level 6. HP: 53/53 MP: 7/9
  2155 | D:4      | Reached XP level 7. HP: 32/60 MP: 8/10
  2361 | D:4      | Found a staircase to the Ecumenical Temple.
  2389 | D:4      | Found a sacrificial altar of Ru.
  2608 | D:4      | Found a hide-covered altar of Uskayaw.
  2822 | D:5      | Entered Level 5 of the Dungeon
  3351 | D:5      | Reached XP level 8. HP: 66/67 MP: 10/12
  3582 | D:5      | Reached *** piety under Fedhas
  3704 | D:5      | HP: 3/67 [something (3)]
  3715 | D:5      | HP: 1/67 [something (3)]
  3715 | Abyss:1  | Cast into level 1 of the Abyss (orc wizard)
  3754 | Abyss:1  | Noticed a rakshasa
  3758 | Abyss:1  | Noticed a red draconian scorcher
  3761 | Abyss:1  | Found a corrupted altar of Lugonu.
  3761 | Abyss:1  | Killed from afar by a red draconian scorcher (illusionary)

Illustrated notes

Levels and vault maps discovered:
D:1:      saegor_arrival_simple_d, layout_rooms
D:2:      layout_loops_ring, shapermc_ecumenical_altar_pompeii, uniq_jessica
D:3:      layout_basic, minmay_shallow_snake_nest, uniq_sigmund, uniq_robin
D:4:      layout_basic, nicolae_uskayaw_suspiria,
          nicolae_ru_sacrificial_ziggurat, minmay_temple_entry_mist
D:5:      layout_basic, minmay_ogre_servants
Abyss:1:  base:
Temple

Skill      XL: |  1  2  3  4  5  6  7 |
---------------+----------------------+-----
Invocations    | 1 2 3 |  3.5
Short Blades   | 1 2 3 |  3.2
Long Blades    | 1 2 3 |  3.2
Maces & Flails | 1 2 3 |  3.2
Polearms       | 1 2 3 |  3.2
Staves         | 1 2 3 |  3.2
Ranged Weapons | 1 2 3 |  3.2
Throwing       | 1 2 3 |  3.2
Dodging        | 1 2 3 |  3.2
Stealth        | 1 2 3 |  3.2
Unarmed Combat | 1 2 3 |  3.2
Spellcasting   | 1 2 3 |  3.2
Evocations     | 1 2 3 |  3.2
Shapeshifting  | 1 2 |  2.9
Conjurations   | 1 2 |  2.6
Hexes          | 1 2 |  2.6
Summonings     | 1 2 |  2.6
Necromancy     | 1 2 |  2.6
Translocations | 1 2 |  2.6
Fire Magic     | 1 2 |  2.6
Ice Magic      | 1 2 |  2.6
Air Magic      | 1 2 |  2.6
Earth Magic    | 1 2 |  2.6
Alchemy        | 1 2 |  2.6
Axes           | 5 |  5.6
Fighting       | 7 |  7.3
Armour         | 7 |  7.3
Shields        | 7 |  7.3

Action                     |  1- 3 |  4- 6 |  7- 9 || total
---------------------------+-------+-------+-------++-------
  Melee: War axe           |    71 |    86 |   110 ||   267
         Bite              |     5 |     7 |    11 ||    23
 Invoke: Wall of Briars    |       |     2 |     5 ||     7
 Armour: Scale mail        |    50 |    83 |    54 ||   187
         Plate armour      |       |       |    86 ||    86
  Dodge: Dodged            |    51 |    58 |    62 ||   171
  Block: Buckler           |    39 |    32 |    43 ||   114
